 Dungeon Crawl Stone Soup version 0.30.0-10-gfe55d96785 (webtiles) character file.

Game seed: 14818952494392207062

11239 fozzywoppz the Basher (level 11, -3/72 HPs)
             Began as a Gargoyle Fighter on May 15, 2023.
             Was a High Priest of Okawaru.
             Slain by a wyvern (12 damage)
             ... on level 11 of the Dungeon.
             The game lasted 00:18:22 (9003 turns).

fozzywoppz the Basher (Gargoyle Fighter)            Turns: 9003, Time: 00:18:22

Health: -3/72      AC: 20    Str: 23    XL:     11   Next: 74%
Magic:  0/19       EV:  8    Int:  8    God:    Okawaru [*****.]
Gold:   409        SH:  7    Dex: 17    Spells: 10/10 levels left

rFire   + + .        n - +11 mace "Sadghedd" {venom, rElec}
rCold   . . .        c - +1 buckler
rNeg    + + +        E - +0 chain mail
rPois   ∞            (no helmet)
rElec   +            r - +0 cloak
rCorr   +            a - +0 pair of gloves of Gurghuag {Rampage Fly rF++ Stlth+}
SInv    +            (no boots)
Will    +....        h - amulet "Zagimynn" {Spirit *Slow rN++ rCorr SInv} Stlth
                     g - +6 ring of dexterity
HPRegen 0.32/turn    q - ring of willpower
MPRegen 0.16/turn

%: slow self (1%), guardian spirit, rampage
@: mighty, finesse-ful, flying
A: sickness immunity, AC +8, negative energy resistance 1, electricity
resistance, torment resistance 1, petrification resistance
a: Renounce Religion, Heroism, Finesse, Duel


You were on level 11 of the Dungeon.
You worshipped Okawaru.
Okawaru was extremely pleased with you.
You visited 2 branches of the dungeon, and saw 12 of its levels.

You collected 439 gold pieces.
You spent 30 gold pieces at shops.

Inventory:

Hand Weapons
 n - the +11 mace "Sadghedd" (weapon) {venom, rElec}
   (You found it on level 5 of the Dungeon)

   rElec:     It insulates you from electricity.
 y - a +1 demon whip of venom
 B - a +3 morningstar
 G - a +2 whip of electrocution
Missiles
 x - 3 boomerangs (quivered)
Armour
 a - the +0 pair of gloves of Gurghuag (worn) {Rampage Fly rF++ Stlth+}
   (Okawaru gifted it to you on level 8 of the Dungeon)

   rF:        It greatly protects you from fire.
   Fly:       It grants you flight.
   Rampage:   It bestows one free step when moving towards enemies.
   Stlth:     It makes you more stealthy.
 c - a +1 buckler (worn)
 r - a +0 cloak (worn)
 E - a +0 chain mail (worn)
Jewellery
 g - a +6 ring of dexterity (left hand)
 h - the amulet "Zagimynn" (around neck) {Spirit *Slow rN++ rCorr SInv}
   (You acquired it on level 4 of the Dungeon)

   [amulet of guardian spirit]

   It causes incoming damage to be divided between your reserves of health and
   magic.
   rN:        It greatly protects you from negative energy.
   SInv:      It lets you see invisible.
   rCorr:     It protects you from acid and corrosion.
   *Slow:     It may slow you when you take damage.
 k - an amulet of reflection
 q - a ring of willpower (right hand)
 t - a ring of flight
 J - a ring of resist corrosion
 K - an amulet of regeneration
Wands
 j - a wand of paralysis (7)
 v - a wand of mindburst (15)
 A - a wand of acid (9)
 F - a wand of iceblast (6)
 I - a wand of flame (15)
Scrolls
 f - 4 scrolls of teleportation
 p - a scroll of torment
 z - 3 scrolls of immolation
 C - 3 scrolls of poison
 D - a scroll of enchant weapon
 L - a scroll of magic mapping
 M - 6 scrolls of identify
Potions
 b - a potion of mutation
 d - 2 potions of might
 e - a potion of cancellation
 i - a potion of heal wounds
 l - 3 potions of lignification
 m - 6 potions of curing
 o - 4 potions of flight
 s - 5 potions of ambrosia
 u - 3 potions of attraction
 w - 2 potions of magic
 H - 3 potions of resistance
 N - a potion of invisibility


   Skills:
 + Level 9.9 Fighting
 + Level 11.8 Maces & Flails
 - Level 5.0 Armour
 - Level 1.2 Dodging
 - Level 1.0 Stealth
 - Level 5.0 Shields
 + Level 11.0 Invocations


You had 10 spell levels left.
You didn't know any spells.
Your spell library contained the following spells:

 Spells                   Type           Power      Damage    Failure   Level
 Beastly Appendage        Tmut           0%         N/A       96%         1
 Freeze                   Ice            0%         1d3       96%         1
 Wereblood                Tmut           0%         N/A       99%         2
 Frozen Ramparts          Ice            0%         1d1       100%        3
 Gell's Gravitas          Tloc           0%         N/A       100%        3
 Hailstorm                Conj/Ice       0%         3d3       100%        3
 Ignite Poison            Fire/Tmut/Pois 0%         N/A       100%        3
 Spider Form              Tmut/Pois      0%         N/A       100%        3
 Teleport Other           Tloc           0%         N/A       100%        3
 Sticky Flame             Conj/Fire      0%         2d3       100%        4
 Dispersal                Tloc           0%         N/A       100%        6
 Storm Form               Tmut/Air       0%         N/A       100%        7
 Ignition                 Fire           0%         3d3       100%        8
 Maxwell's Capacitive Co  Air            0%         ∞         100%        8
 Summon Lightning Spire   Summ/Air       Unusable   N/A       N/A         4

Dungeon Overview and Level Annotations

Branches:
Dungeon (11/15)            Temple (1/1) D:5
   Lair: D:8-11         Orc: D:9-12

Altars:
Ashenzari
Cheibriados
Dithmenos
Elyvilon
Fedhas
Gozag
Hepliaklqana
Kikubaaqudgha
Makhleb
Nemelex Xobeh
Okawaru
Qazlal
Ru
Sif Muna
Trog
Uskayaw
Vehumet
Wu Jian
Xom
Yredelemnul
Zin
The Shining One

Shops:
D:4 (*

Annotations:
D:3 2 transporters, Menkaure
D:10 2 runed translucent doors, NateTC's ghost, novice DrEE


Innate Abilities, Weirdness & Mutations

You are immune to sickness and miasma.
Your stone body is resilient. (AC +8)
You are immune to poison.
You resist negative energy. (rN+)
You are resistant to electric shocks. (rElec)
You are resistant to unholy torment.
You are immune to petrification.


Message History

You hear an angry hiss.
You hear a bellow!
The water moccasin bites you.
* * * LOW HITPOINT WARNING * * *
You sock the water moccasin!
The water moccasin looks as sick as possible!
The water moccasin is moderately wounded.
You bludgeon the water moccasin!!
You kill the water moccasin!
Okawaru accepts your kill.
Your Invocations skill increases to level 11!
You barely miss the wyvern. You bludgeon the wyvern!!
The wyvern is poisoned.
The wyvern is almost dead.
The wyvern closely misses you.
You bludgeon the wyvern!!
You kill the wyvern!
Okawaru accepts your kill. x2
You feel a bit more experienced.
The wyvern bites the plant.
The plant begins to die.
You sock the plant!
The plant is lightly damaged.
Unknown command.
The wyvern bites the plant!
The wyvern bites the plant.
The wyvern bites you but does no damage.
You barely miss the wyvern.
The wyvern bites the plant!
You hear a bellow!
You barely miss the wyvern. The wyvern closely misses you.
You bludgeon the wyvern!!
The wyvern looks as sick as possible!
The wyvern is severely wounded.
The wyvern bites you.
* * * LOW HITPOINT WARNING * * *
Unknown command.
You hit the wyvern.
The wyvern looks as sick as possible!
The wyvern is severely wounded.
You hear an angry hiss.
You barely miss the wyvern.
The wyvern is almost dead.
A wyvern comes into view.
The wyvern bites you!
You die...

♣.....
.P... l
.... ..
P.. ...♣
.. ....P
.♣
/.....♣♣l#
P.....P@#
#.....###
#####


You could see 2 wyverns.

Vanquished Creatures
  A boulder beetle (D:8)
  Amaemon (D:8)
  Pikel (D:7)
  An orange demon (D:8)
  Joseph (D:8)
  2 unseen horrors
  2 trolls (D:9)
  A hornet (shapeshifter) (D:8)
  2 slime creatures (D:9)
  2 wyverns
  A shadow (D:10)
  12 yaks
  Eustachio (D:5)
  3 steam dragons
  An acid dragon (D:9)
  2 water moccasins
  3 ice beasts
  2 orc warriors
  2 ogres
  2 centaurs
  A phantom (D:5)
  4 kobold brigands
  2 bullfrogs (D:6)
  4 scorpions
  A hornet simulacrum (D:9)
  6 wights
  27 killer bees
  3 howler monkeys
  2 jellies (D:5)
  3 bullfrog skeletons (D:5)
  3 bullfrog zombies (D:5)
  A gnoll bouda (D:8)
  3 hounds
  3 orc priests
  2 sleepcaps
  3 iguanas
  16 orc wizards
  A hound zombie (D:5)
  A hound skeleton (D:5)
  7 adders
  3 gnolls (D:8)
  A white imp (D:6)
  5 worms
  A dart slug (D:4)
  36 orcs
  9 endoplasms
  2 giant cockroaches
  5 goblins
  9 hobgoblins
  2 jackals (D:4)
  26 kobolds
  2 quokkas
  5 ball pythons
  7 bats
  5 frilled lizards
  7 rats
261 creatures vanquished.

Vanquished Creatures (others)
  An orc wizard (D:8)
  An orc (D:2)
2 creatures vanquished.

Grand Total: 263 creatures vanquished

Notes
Turn   | Place    | Note
-------+----------+-------------------------------------------
     0 | D:1      | fozzywoppz the Gargoyle Fighter began the quest for the
                  | Orb.
     0 | D:1      | Reached XP level 1. HP: 14/14 MP: 1/1
   112 | D:1      | Reached XP level 2. HP: 19/19 MP: 2/2
  1018 | D:2      | Found a faded altar of an unknown god.
  1067 | D:2      | Reached XP level 3. HP: 19/23 MP: 3/3
  1293 | D:2      | Identified the +7 sling "Harphowof" {drain, rN+}
  1691 | D:2      | You fall into a shaft and drop 1 floor!
  1969 | D:2      | Reached XP level 4. HP: 29/29 MP: 4/4
  2092 | D:3      | Found a transporter.
  2092 | D:3      | Found an ancient bone altar of Kikubaaqudgha.
  2094 | D:3      | Noticed Menkaure
  2096 | D:3      | Found a basalt altar of Yredelemnul.
  2108 | D:3      | Found a transporter.
  2158 | D:3      | Found a bloodstained altar of Trog.
  2231 | D:3      | Found an ornate altar of the Wu Jian Council.
  2240 | D:3      | Reached XP level 5. HP: 33/33 MP: 5/5
  2637 | D:4      | Found Difilu Jun's Weapon Shop.
  2697 | D:4      | Reached skill level 1 in Dodging
  2713 | D:4      | Reached XP level 6. HP: 11/38 MP: 6/6
  2847 | D:4      | Reached skill level 1 in Stealth
  2939 | D:4      | Noticed an ice beast
  2958 | D:4      | Killed an ice beast
  2980 | D:4      | Found Xuzalem's General Store.
  3470 | D:4      | Identified a scroll of acquirement
  3470 | D:4      | Acquired the amulet "Zagimynn" {Spirit *Slow rN++ rCorr
                  | SInv}
  3502 | D:5      | Entered Level 5 of the Dungeon
  3509 | D:5      | Found a blossoming altar of Fedhas.
  3650 | D:5      | Reached skill level 5 in Armour
  3650 | D:5      | Reached XP level 7. HP: 34/44 MP: 5/7
  3687 | D:5      | Found a staircase to the Ecumenical Temple.
  3690 | D:5      | Identified the +11 mace "Sadghedd" {venom, rElec}
  3702 | Temple   | Entered the Ecumenical Temple
  3764 | Temple   | Became a worshipper of Warmaster Okawaru
  3846 | D:5      | Reached skill level 5 in Fighting
  3846 | D:5      | Reached skill level 5 in Shields
  3900 | D:5      | Reached skill level 5 in Maces & Flails
  3952 | D:5      | Found a radiant altar of Vehumet.
  3967 | D:5      | Reached * piety under Okawaru
  4120 | D:5      | Reached XP level 8. HP: 48/49 MP: 8/8
  4122 | D:5      | Reached skill level 1 in Invocations
  4281 | D:5      | Noticed Eustachio
  4290 | D:5      | Killed Eustachio
  4496 | D:4      | Bought a potion of curing for 30 gold pieces
  4604 | D:6      | Found a broken altar of Ashenzari.
  4619 | D:6      | Reached ** piety under Okawaru
  4694 | D:6      | Noticed a yak
  4695 | D:6      | Noticed a yak
  4695 | D:6      | Noticed a yak
  4695 | D:6      | Noticed a yak
  4718 | D:6      | Noticed a yak
  4721 | D:6      | Killed a yak
  4722 | D:6      | Noticed a yak
  4724 | D:6      | Killed a yak
  4725 | D:6      | Reached skill level 5 in Invocations
  4725 | D:6      | Reached XP level 9. HP: 44/54 MP: 10/13
  4737 | D:6      | Reached *** piety under Okawaru
  5143 | D:6      | Identified the +1 ring mail of Reczou {SInv}
  5458 | D:7      | Noticed Pikel
  5469 | D:7      | Killed Pikel
  5469 | D:7      | Reached **** piety under Okawaru
  5470 | D:7      | Reached XP level 10. HP: 45/60 MP: 10/15
  5584 | D:7      | Found a burning altar of Makhleb.
  6120 | D:8      | Reached skill level 10 in Maces & Flails
  6212 | D:8      | Reached ***** piety under Okawaru
  6360 | D:8      | Noticed Joseph
  6389 | D:8      | Killed Joseph
  6612 | D:8      | Identified the +0 pair of gloves of Gurghuag {Rampage Fly
                  | rF++ Stlth+} (Okawaru gifted it to you on level 8 of the
                  | Dungeon)
  6612 | D:8      | Received a gift from Okawaru
  6651 | D:8      | Noticed a boulder beetle
  6668 | D:8      | Killed a boulder beetle
  6847 | D:8      | Noticed Amaemon
  6848 | D:8      | Noticed an orange demon
  6859 | D:8      | Killed Amaemon
  6860 | D:8      | Reached XP level 11. HP: 31/69 MP: 8/18
  7052 | D:8      | Reached skill level 10 in Invocations
  7160 | D:8      | Found a glowing silver altar of Zin.
  7639 | D:9      | Found a sacrificial altar of Ru.
  8100 | D:10     | Entered Level 10 of the Dungeon
  8146 | D:10     | Found a runed translucent door.
  8151 | D:10     | Noticed a five-headed hydra
  8151 | D:10     | Noticed a skeletal warrior
  8151 | D:10     | Noticed an orc knight
  8151 | D:10     | Noticed a centaur warrior
  8152 | D:10     | Noticed a lich
  8154 | D:10     | Noticed NateTC's ghost (novice DrEE)
  8155 | D:10     | Noticed a necromancer
  8159 | D:10     | Found a runed translucent door.
  8242 | D:10     | Identified the ring of Temperance {rC+ Will+ Int+3 Stlth+}
  8972 | D:11     | Noticed an orc knight
  9003 | D:11     | Slain by a wyvern

Illustrated notes

Levels and vault maps discovered:
D:1:      amcnicky_arrival_underground_garden, layout_loops_ring,
          chequers_serial_rivers_marsh, kennysheep_another_room,
          nicolae_eternal_life
D:2:      layout_loops_corners, shapermc_ecumenical_altar_acropolis
D:3:      layout_basic, lemuel_round_altar, gammafunk_temple_of_torment,
          nicolae_wu_jian_wuxing_cycle
D:4:      minmay_general_purpose_star, layout_cave_pools,
          nicolae_take_the_stairs, nicolae_stop_n_shop_1, minmay_distorted
D:5:      nicolae_cairo_tiling, layout_cave_pools, lemuel_tele_altar,
          fedhas_bush_and_centaur_altar, minmay_temple_entry_grid,
          serial_undead, serial_undead_d, serial_undead_e, serial_undead_a,
          serial_undead_b, minmay_misc_feat_rows, minivault_14, uniq_eustachio
D:6:      layout_rooms, cheibrodos_ashenzari_chains, dk_noncrumbling_3
D:7:      layout_basic, kennysheep_mini, uniq_pikel
D:8:      layout_basic, zin_scriptorium, minmay_three_doors, uniq_joseph,
          uniq_amaemon
D:9:      layout_roguey, old_standard_altar
D:10:     layout_long_grid, muffindrake_ghost_dual_entry
D:11:     layout_cave_pools, minmay_lair_entry_grove, special_room
          [special_room_orc], lightli_corner_chamber
Temple:   nicolae_temple_godzebo

Skill      XL: |  1  2  3  4  5  6  7  8  9 10 11 |
---------------+----------------------------------+-----
Armour         | 4 5 |  5.0
Maces & Flails | 3 4 6 8 9 10 11 | 11.8
Shields        | 4 5 |  5.0
Fighting       | 4 5 6 8 9 |  9.9
Dodging        | 1 |  1.2
Stealth        | 1 |  1.0
Invocations    | 5 7 9 11 | 11.0

Action                     |  1- 3 |  4- 6 |  7- 9 | 10-12 || total
---------------------------+-------+-------+-------+-------++-------
  Melee: Flail             |   127 |   180 |       |       ||   307
         Morningstar       |       |    26 |       |       ||    26
         Mace              |       |       |   180 |   347 ||   527
         Demon whip        |       |       |       |    17 ||    17
 Invoke: Finesse           |       |       |       |     1 ||     1
  Evoke: Wand              |       |     6 |       |     2 ||     8
    Use: Potion            |     3 |       |       |     5 ||     8
         Scroll            |       |    11 |       |    16 ||    27
   Stab: Paralysed         |       |     6 |       |       ||     6
 Armour: Scale mail        |    76 |   104 |    80 |       ||   260
         Skin              |    14 |    21 |       |       ||    35
         Chain mail        |       |       |    13 |   187 ||   200
  Dodge: Dodged            |    60 |   104 |    66 |   137 ||   367
  Block: Buckler           |    17 |    66 |    61 |   118 ||   262
